Map: 카이로스 정션 - 래더

Players

Bunny - Winner!

  • Race: Terran Terran
  • Spawn Location: 11:00

Armani

  • Race: Zerg Zerg
  • League: Master
  • Spawn Location: 5:00

VOD

Have the link to the VOD?

Description

Time

  • Played on: Aug. 8, 2019, 7:43 a.m.
  • Length: 11:07
Show
View Real Time Build Order
Export as new Build Order

Bunny Terran - Winner!

Build Orders: Liberator Opening, Reaper Expand 

Get SALT Encoding   

  12  0:01  SCV  
  13  0:13  SCV  
  14  0:17  Supply Depot  
  14  0:25  SCV  
  15  0:39  SCV  
  15  0:41  Barracks  
  16  0:44  Refinery  
  16  0:51  SCV  
  17  1:03  SCV  
  18  1:15  SCV  
  19  1:28  Orbital Command  
  19  1:29  Reaper  
  20  1:40  Command Center  
  20  1:54  SCV  
  21  1:56  Supply Depot  
  21  2:01  Marine  
  22  2:06  SCV  
  23  2:08  Factory  
  23  2:11  Refinery  
  23  2:18  SCV  
  23  2:21  Barracks Reactor  
  24  2:30  SCV  
  25  2:42  SCV  
  26  2:52  Orbital Command  
  26  2:54  SCV, Starport  
  27  3:04  Hellion x2  
  31  3:06  SCV  
  31  3:09  Barracks Tech Lab  
  32  3:17  SCV, Supply Depot  
  32  3:19  SCV  
  34  3:25  Hellion x2  
  38  3:29  SCV  
  38  3:31  SCV  
  40  3:34  Marine  
  40  3:36  Liberator  
  40  3:40  Supply Depot  
  44  3:41  SCV  
  44  3:43  SCV  
  46  3:52  Hellion  
  46  3:54  Hellion, SCV  
  46  3:55  SCV  
  51  4:07  Command Center  
  51  4:09  SCV x2  
  53  4:23  SCV x2  
  55  4:27  Barracks, Factory Reactor  
  55  4:29  Barracks, Starport Reactor  
  55  4:35  SCV x2  
  55  4:36  Marine  
  58  4:42  Engineering Bay x2  
  58  4:48  Stimpack  
  58  4:49  SCV x2  
  58  4:52  Bunker  
  60  4:59  Marine  
  60  5:01  SCV  
  60  5:05  Bunker  
  62  5:14  Factory Tech Lab  
  62  5:15  Supply Depot  
  62  5:18  SCV, Medivac x2  
  62  5:20  Orbital Command, Marine x2  
  69  5:22  Marine  
  69  5:23  Marine x2  
  69  5:25  SCV  
  73  5:29  Refinery  
  73  5:30  SCV  
  73  5:31  Refinery  
  74  5:37  Siege Tank  
  74  5:38  Marine x2  
  74  5:40  Marine  
  74  5:41  Marine  
  81  5:50  Supply Depot x2, Terran Infantry Armor Level 1, Terran Infantry Weapons Level 1  
  74  6:11  Medivac, Marine x5  
  74  6:14  SCV x2  
  79  6:19  Siege Tank  
  79  6:22  Orbital Command  
  78  6:26  SCV x2  
  78  6:28  Supply Depot  
  78  6:29  Supply Depot  
  78  6:31  Marine x3  
  78  6:32  Marine x2  
  85  6:36  Combat Shield  
  85  6:41  Barracks  
  85  6:42  Barracks  
  85  6:50  SCV x3  
  85  6:51  Siege Tank  
  85  6:53  Supply Depot  
  91  6:55  Supply Depot, Marine x5  
  96  7:02  SCV x2  
  96  7:03  SCV, Armory  
  96  7:06  Medivac  
  96  7:08  Supply Depot  
  101  7:14  Refinery  
  101  7:15  SCV x3, Medivac  
  106  7:18  Marine  
  106  7:19  Marine x4  
  111  7:24  Siege Tank  
  105  7:32  Barracks Tech Lab, Barracks Reactor  
  102  7:37  SCV x3, Marine, Marauder  
  102  7:38  Marine x3  
  102  7:42  Supply Depot  
  102  7:44  Supply Depot  
  108  7:55  Marine x2  
  108  7:56  Marine  
  108  7:58  Siege Tank, Terran Infantry Weapons Level 2  
  114  7:59  SCV x3, Marauder  
  114  8:00  Marine x2  
  121  8:08  Terran Infantry Armor Level 2  
  121  8:13  Marine x3  
  121  8:17  Marine x3  
  121  8:18  Marauder  
  127  8:20  Command Center  
  127  8:24  Concussive Shells, Terran Vehicle Weapons Level 1  
  127  8:26  Marauder  
  129  8:31  Marine x2  
  129  8:33  Marine  
  127  8:34  Marine  
  127  8:35  Medivac  
  127  8:38  Marine x2  
  127  8:40  Marauder  
  129  8:44  Siege Tank  
  129  8:47  Marauder  
  133  8:49  Supply Depot, Marine  
  133  8:50  Supply Depot  
  133  8:51  Supply Depot  
  133  8:55  Marine x3  
  135  8:56  Marine x2  
  135  9:01  Marauder  
  141  9:10  Barracks, Medivac x2  
  141  9:11  Marauder  
  141  9:12  Barracks, Supply Depot  
  141  9:13  Barracks  
  141  9:16  Marine x5  
  152  9:19  Siege Tank  
  152  9:22  Marauder  
  157  9:34  Marine x5, Marauder  
  164  9:39  Marine  
  164  9:40  Medivac x2  
  164  9:44  Marauder  
  168  9:51  Marine  
  168  9:52  Marine  
  151  9:54  Siege Tank, Marine x2  
  151  9:59  Marauder  
  144  10:03  Marine  
  144  10:04  Marine  
  144  10:05  Marauder  
  144  10:06  Barracks Tech Lab, Barracks Reactor  
  137  10:07  Barracks Tech Lab  
  137  10:09  Marine  
  137  10:10  Marine  
  137  10:11  Liberator  
  137  10:12  Marine x2  
  137  10:20  Marauder  
  137  10:21  Marine  
  137  10:22  Marine  
  137  10:27  Marauder  
  137  10:30  Marine x5  
  137  10:32  SCV x3  
  145  10:37  Marine  
  145  10:39  Marine x2  
  145  10:41  Marine  
  145  10:42  Marine x2  
  151  10:47  Marine x2  
  151  10:48  Marine x2  
Show
View Real Time Build Order
Export as new Build Order

Armani Zerg 

Build Orders: Hatch First 

Get SALT Encoding   

  12  0:00  Drone  
  13  0:13  Overlord  
  13  0:16  Drone  
  14  0:32  Drone x2  
  16  0:50  Hatchery  
  16  0:53  Drone  
  16  0:56  Drone  
  17  0:59  Drone  
  18  1:10  Extractor  
  17  1:19  Drone, Spawning Pool  
  17  1:22  Drone  
  18  1:29  Drone  
  19  1:41  Drone  
  20  1:49  Overlord  
  20  2:05  Queen x2  
  20  2:06  Zergling x4  
  26  2:20  Hatchery  
  25  2:26  Metabolic Boost  
  25  2:30  Drone  
  25  2:31  Drone  
  25  2:34  Drone  
  28  2:39  Drone  
  29  2:50  Queen  
  31  2:55  Overlord  
  31  3:00  Drone x2  
  31  3:02  Drone x2  
  35  3:08  Drone  
  36  3:14  Drone x4  
  40  3:20  Overlord  
  40  3:23  Drone  
  40  3:25  Drone  
  42  3:29  Queen  
  42  3:33  Drone  
  45  3:36  Drone x2  
  45  3:40  Zergling x2  
  48  3:43  Zergling x2  
  48  3:44  Zergling x2  
  48  3:48  Roach Warren  
  49  3:49  Drone  
  49  3:51  Drone x2  
  49  3:53  Drone  
  53  3:57  Drone, Extractor  
  53  3:59  Overlord  
  53  4:04  Overlord  
  53  4:14  Spore Crawler  
  52  4:17  Queen  
  52  4:19  Drone  
  52  4:20  Spore Crawler, Drone  
  52  4:21  Drone x3  
  58  4:29  Roach  
  58  4:30  Roach x2  
  64  4:32  Roach  
  64  4:38  Overlord  
  66  4:39  Overlord  
  66  4:45  Overlord  
  66  4:58  Roach x3  
  66  4:59  Ravager x2  
  75  5:00  Drone x5, Ravager  
  75  5:03  Drone  
  75  5:05  Drone x2  
  82  5:12  Drone  
  83  5:14  Drone  
  83  5:16  Drone  
  85  5:23  Overlord  
  85  5:25  Drone  
  85  5:26  Drone  
  85  5:27  Lair  
  85  5:29  Drone  
  85  5:32  Drone x4, Extractor  
  85  5:33  Extractor  
  85  5:34  Overlord  
  88  5:38  Drone  
  89  5:44  Drone  
  89  5:46  Drone  
  89  5:47  Evolution Chamber, Drone  
  89  5:48  Evolution Chamber, Drone  
  91  5:52  Drone x2  
  91  5:53  Drone  
  91  5:55  Drone  
  92  5:57  Drone  
  92  5:58  Evolution Chamber, Drone  
  92  5:59  Drone x2  
  92  6:06  Evolution Chamber, Drone  
  92  6:08  Drone  
  92  6:10  Drone  
  90  6:11  Drone  
  90  6:12  Drone  
  90  6:17  Drone x2  
  91  6:18  Drone  
  91  6:23  Zerg Missile Weapons Level 1, Zerg Ground Armor Level 1  
  91  6:25  Drone  
  90  6:27  Drone x3  
  90  6:31  Drone x2  
  95  6:33  Glial Reconstitution, Extractor  
  95  6:35  Extractor  
  93  6:40  Roach  
  93  6:41  Roach x4  
  93  6:46  Overlord  
  103  6:47  Overlord  
  103  6:48  Overlord  
  103  6:49  Roach  
  103  6:50  Overlord  
  103  6:52  Overlord  
  105  6:54  Overlord  
  105  7:05  Roach x3  
  105  7:07  Drone x2  
  113  7:10  Drone x2  
  115  7:16  Overlord, Ravager x2  
  115  7:18  Hatchery  
  115  7:21  Drone  
  115  7:22  Baneling Nest, Drone x2  
  104  7:32  Roach x7  
  107  7:42  Infestation Pit  
  106  7:46  Roach x7  
  106  7:50  Queen  
  120  7:54  Drone  
  120  7:55  Drone  
  116  7:59  Drone x2  
  116  8:04  Roach x4  
  126  8:10  Centrifugal Hooks  
  126  8:12  Ravager x2  
  125  8:20  Ravager x2  
  125  8:21  Roach  
  125  8:22  Zergling x22  
  140  8:34  Zerg Melee Weapons Level 1  
  134  8:42  Hatchery  
  134  8:47  Zerg Ground Armor Level 2  
  133  8:49  Drone x4  
  133  8:50  Drone x9  
  148  8:57  Queen  
  148  8:59  Baneling x2  
  148  9:02  Ravager x2  
  150  9:11  Drone  
  150  9:12  Hive, Extractor, Zergling x16  
  150  9:13  Spore Crawler  
  150  9:16  Overlord  
  156  9:17  Overlord  
  156  9:24  Overlord  
  156  9:30  Baneling x6  
  154  9:32  Zergling x16  
  156  9:40  Zergling x18  
  139  9:56  Zergling x10  
  139  9:57  Zergling x12  
  128  10:01  Queen x2  
  126  10:14  Roach x7  
  135  10:17  Zergling x8  
  132  10:21  Baneling Nest  
  132  10:26  Roach x4  
  132  10:27  Ravager  
  135  10:29  Roach x2  
  139  10:37  Viper x2  
  145  10:45  Roach x6  
  145  10:47  Zergling x4  
  145  10:48  Zergling x2  
Tags
 
Add a new tag
Caveats
  • Supply blocks, unpowered buildings, or Contaminate may cause inaccurate times.
  • Supply counts are checked every 10 seconds.